 Dungeon Crawl Stone Soup version 0.27-a0-637-g3a9f0a9c12 (webtiles) character file.

Game seed: 9206316871769751053

51 zzzxxxcccvvv the Chopper (level 3, 0/33 HPs)
             Began as a Minotaur Berserker on Mar 14, 2021.
             Was a Believer of Trog.
             Slain by a gnoll
             ... wielding a +0 spear
              (6 damage)
             ... on level 2 of the Dungeon.
             The game lasted 00:07:25 (1586 turns).

zzzxxxcccvvv the Chopper (Minotaur Berserker)       Turns: 1586, Time: 00:07:26

Health: 0/33       AC:  9    Str: 20 (22) XL:     3   Next: 58%
Magic:  2/2        EV:  8    Int:  2 (4)  God:    Trog [**....]
Gold:   26         SH:  0    Dex:  8 (9)  Spells: 2/2 levels left

rFire    . . .     SeeInvis .   a - +0 hand axe
rCold    . . .     Faith    .   (no shield)
rNeg     . . .     Spirit   .   j - +0 chain mail
rPois    .         Reflect  .   (helmet restricted)
rElec    .         Harm     .   (no cloak)
rCorr    .         Rampage  .   (no gloves)
Will     .....                  (no boots)
Stlth    ..........             (no amulet)
HPRegen  0.11/turn              (no ring)
MPRegen  0.08/turn              (no ring)

@: no status effects
A: horns 2, retaliatory headbutt
a: Renounce Religion, Berserk, Trog's Hand


You were on level 2 of the Dungeon.
You worshipped Trog.
Trog was pleased with you.
You visited 1 branch of the dungeon, and saw 2 of its levels.

You collected 26 gold pieces.

Inventory:

Hand Weapons
 a - a +0 hand axe (weapon)
 b - a +0 dagger of venom
Missiles
 c - 13 stones
Armour
 j - a +0 chain mail (worn)
Scrolls
 f - a scroll of identify
 g - 2 scrolls of teleportation
Potions
 d - a potion of curing {unknown}
 e - a potion of haste


   Skills:
 * Level 4.2 Fighting
 * Level 4.7 Axes
 * Level 2.8 Armour
 * Level 2.5 Dodging


You had 2 spell levels left.
You didn't know any spells.
Your spell library was empty.

Dungeon Overview and Level Annotations

Branches:
Dungeon (2/15)

Altars:


Innate Abilities, Weirdness & Mutations

You have a pair of horns on your head.
You reflexively headbutt those who attack you in melee.


Message History

HP restored.
A gnoll comes into view. It is wielding a +0 flail.
The gnoll shouts!
You hear a shout!
A gnoll comes into view. It is wielding a +0 halberd.
The gnoll shouts!
You hear a shout!
A gnoll comes into view. It is wielding a +0 spear.
The gnoll closely misses you.
A gnoll comes into view.
The gnoll completely misses you. The gnoll barely misses you.
You furiously retaliate!
You headbutt the gnoll! You hit the gnoll.
The gnoll is severely wounded.
You hit the gnoll. You headbutt the gnoll.
The gnoll is almost dead.
The gnoll hits you with a +0 halberd!
You barely miss the gnoll.
The gnoll is almost dead.
The gnoll hits you but does no damage.
You closely miss the gnoll. You headbutt the gnoll.
You kill the gnoll!
Trog accepts your kill.
You hit the gnoll.
The gnoll is moderately wounded.
The gnoll hits you with a +0 flail.
You closely miss the gnoll. Your headbutt misses the gnoll.
The gnoll is moderately wounded.
The gnoll hits you from afar with a +0 spear.
The gnoll barely misses you.
You slash the gnoll!
The gnoll is almost dead.
The gnoll misses you. The gnoll hits you with a +0 flail.
* * * LOW HITPOINT WARNING * * *
You slash the gnoll!
You kill the gnoll!
Trog accepts your kill. The gnoll hits you but does no damage.
The gnoll barely misses you.
Items here: )) ††.
You barely miss the gnoll. The gnoll hits you with a +0 spear.
You die...

#..#
#..#
#..# #..
... #g#
#g# #@#
#.# #.#
#.# #.#
#.# #.#
#)#
#.######


You could see 2 gnolls.

Vanquished Creatures
  2 gnolls (D:2)
  A dart slug (D:1)
  A giant cockroach (D:1)
  5 goblins (D:1)
  2 hobgoblins (D:1)
  4 jackals (D:1)
  A ball python (D:1)
  3 bats (D:1)
  A frilled lizard (D:1)
  5 kobolds
  4 rats (D:1)
29 creatures vanquished.

Notes
Turn   | Place    | Note
-------+----------+-------------------------------------------
     0 | D:1      | zzzxxxcccvvv the Minotaur Berserker began the quest for the
                  | Orb.
     0 | D:1      | Reached XP level 1. HP: 19/19 MP: 0/0
   328 | D:1      | Reached XP level 2. HP: 27/27 MP: 1/1
   879 | D:1      | Reached ** piety under Trog
   890 | D:1      | HP: 1/27 [poisoned by a goblin]
   917 | D:1      | HP: 1/27 [poisoned by a goblin]
  1199 | D:1      | Reached XP level 3. HP: 33/33 MP: 2/2
  1586 | D:2      | Slain by a gnoll

Illustrated notes

Levels and vault maps discovered:
D:1:      arrival_zaba_pyramid, layout_loops_ring,
          hangedman_decor_diamond_cutter, chequers_serial_rivers_small_b,
          minivault_26, hangedman_decor_push
D:2:      layout_basic, elyvilon_altar_4, serial_aquarium,
          aquarium_bridge_square [aquarium_subvault_bridge,
          aquarium_subvault_wall, aquarium_subvault_bridge,
          aquarium_subvault_window], aquarium_window_1, aquarium_window_1,
          aquarium_view_2a, aquarium_view_2c, aquarium_balcony_1b, uniq_terence,
          uniq_jessica

Skill      XL: |  1  2 |
---------------+-------+-----
Axes           | 4 |  4.7
Fighting       | 4 |  4.2
Armour         | |  2.8
Dodging        | |  2.5

Action                   || total
-------------------------++-------
Melee: Hand axe          ||    68
       Headbutt          ||     7
Invok: Berserk           ||     1
       Trog's Hand       ||     1
  Use: Potion            ||     3
       Scroll            ||     2
Armor: Animal skin       ||    11
       Chain mail        ||     8
       Leather armour    ||     1
Dodge: Dodged            ||    51

Table legend: (Time is in decaauts)
 A = Elapsed time spent in this place.
 B = Non-inter-level travel time spent in this place.
 C = Inter-level travel time spent in this place.
 D = Time resting spent in this place.
 E = Time spent auto-exploring this place.
 F = Levels seen in this place.
 G = Mean time per level.
                   A        B        C        D        E       F      G
               +--------+--------+--------+--------+--------+-----+--------+
         Total |   1589 |   1566 |     23 |    495 |    798 |   2 |  794.5 |
       Dungeon |   1589 |   1566 |     23 |    495 |    798 |   2 |  794.5 |
               +--------+--------+--------+--------+--------+-----+--------+

Top non-repeatable levels by time:
     D:1: 1540 daAuts
     D:2: 48 daAuts
